 Dungeon Crawl Stone Soup version 0.19-a0-1790-g026f1ef (webtiles) character file.

3152 Banto the Carver (level 9, 0/54 HPs)
             Began as a High Elf Skald on Oct 4, 2016.
             Was a Priest of Okawaru.
             Slain by an orc warrior
             ... wielding a +0 battleaxe
              (15 damage)
             ... on level 7 of the Dungeon.
             The game lasted 00:13:55 (7832 turns).

Banto the Carver (High Elf Skald)                   Turns: 7832, Time: 00:13:55

Health: 0/54       AC:  8    Str: 11    XL:     9   Next: 62%
Magic:  6/13       EV: 21    Int: 16    God:    Okawaru [***...]
Gold:   325        SH:  0    Dex: 24    Spells: 4 memorised, 4 levels left

rFire  . . .     SeeInvis +     J - +0 scimitar (flame)
rCold  . . .     Gourm    .     b - +0 leather armour
rNeg   . . .     Faith    .     (no shield)
rPois  .         Spirit   .     D - +0 helmet
rElec  .         Dismiss  .     l - +0 cloak
rCorr  .         Reflect  .     j - +0 pair of gloves
MR     .....     Harm     .     m - +1 pair of boots
Stlth  ++........               (no amulet)
                                g - ring of see invisible
                                s - +5 ring of dexterity

@: about to teleport, very slightly contaminated
A: no striking features
a: Heroism, Renounce Religion


You were on level 7 of the Dungeon.
You worshipped Okawaru.
Okawaru was most pleased with you.
You were hungry.

You visited 2 branches of the dungeon, and saw 9 of its levels.

You collected 469 gold pieces.
You spent 144 gold pieces at shops.

Inventory:

Hand Weapons
 a - a +1 falchion
 J - a +0 scimitar of flaming (weapon)
Missiles
 z - 4 exploding tomahawks (quivered)
Armour
 b - a +0 leather armour (worn)
 j - a +0 pair of gloves (worn)
 l - a +0 cloak (worn)
 m - a +1 pair of boots (worn)
 D - a +0 helmet (worn)
Jewellery
 c - a +3 ring of strength
 g - a ring of see invisible (right hand)
 n - an uncursed ring of fire
 s - a +5 ring of dexterity (left hand)
Wands
 p - a wand of hasting (8/9)
 x - a wand of acid (6/15)
 C - a wand of paralysis (1/24)
 G - a wand of iceblast (2/15)
Scrolls
 e - 2 scrolls of amnesia
 f - a scroll of magic mapping
 h - 3 scrolls of remove curse
 i - 3 scrolls of teleportation
 u - a scroll of fear
 A - a scroll of recharging
 I - a scroll of enchant weapon
 L - a scroll of identify
Potions
 o - a potion of cancellation
 q - a potion of resistance
 t - 2 potions of flight
 v - a potion of magic
 w - a potion of agility
 B - a potion of lignification
 E - a potion of mutation
Books
 H - a book of Maledictions

   Spells                             Type                      Level
   a - Corona                         Hexes                        1
   b - Ensorcelled Hibernation        Hexes/Ice                    2
   c - Confuse                        Hexes                        3
   d - Tukima's Dance                 Hexes                        3
   e - Dazzling Spray                 Conjuration/Hexes            3
Comestibles
 d - 5 bread rations
 k - a meat ration
 F - a slice of pizza
 K - 2 chunks of flesh


   Skills:
 - Level 2.0 Fighting
 + Level 11.4 Long Blades
 - Level 0.8 Armour
 + Level 10.5 Dodging
 - Level 2.4 Spellcasting
 - Level 3.6 Charms


You had 4 spell levels left.
You knew the following spells:

 Your Spells              Type           Power        Failure   Level  Hunger
a - Infusion              Chrm           ##..         8%          1    #......
b - Song of Slaying       Chrm           ##......     12%         2    ###....
c - Ensorcelled Hibernat  Hex/Ice        #.....       38%         2    ###....
d - Confuse               Hex            #.......     80%         3    ###....


Dungeon Overview and Level Annotations

Branches:
Dungeon (8/15)             Temple (1/1) D:5
   Lair: D:8-11

Altars:
Ashenzari
Cheibriados
Dithmenos
Elyvilon
Fedhas
Makhleb
Nemelex Xobeh
Okawaru
Qazlal
Sif Muna
Trog
Vehumet
Xom

Shops:
D:4 *   D:5 [

Annotations:
D:4 drd's ghost, amateur HOFi
D:5 drd's ghost, novice HOFi


Message History

The orc warrior closely misses you.
You barely miss the orc warrior.
The orc warrior is moderately wounded.
You hit the orc warrior but do no damage.
The orc warrior is moderately wounded.
You are no longer magically infusing your attacks.
The orc warrior hits you with a battleaxe!
You take 11 damage, and have 18/54 hp.
MASSIVE DAMAGE!!
You hit the orc warrior but do no damage.
The orc warrior is moderately wounded.
The orc warrior hits you with a battleaxe!
* * * LOW HITPOINT WARNING * * *
You take 11 damage, and have 7/54 hp.
MASSIVE DAMAGE!!
Okay, then.
You feel better.
You regained 7 hp, and now have 14/54 hp.
As you read the scroll of teleportation, it crumbles to dust.
You feel strangely unstable.
The orc warrior hits you with a battleaxe!
You die...

#.# #.....# #...... #.#
###8.....8 ##<..... #.#
###.##.....## #...#...
#.# ##...##8...8#
##...#... #.#
#..).##.....## #...###..
#.# #....#8.....8#
##..## ###
##.###....##.....#
##...### #
##....#....##8o..8#
#...##.### #..#.......#
##@## ##..#.....##
##.####.....#######
##..........# #.##
##.......#.##
#............ ..#
###)......#
##........≈≈^. .##
###..######...).......≈^
##
##...###...#......≈_.. #
###..##...#.......#.^
###....###......^^.
##...# ##........


You could see an orc warrior.

Vanquished Creatures
  Erica (D:8)
  An orc warrior (D:6)
  2 ice beasts (D:6)
  3 sky beasts
  3 ogres
  The ghost of Banto the Slasher, an amateur HESk of the Shining One (D:3)
  5 bullfrogs
  A scorpion (D:4)
  2 howler monkeys
  2 bullfrog zombies
  3 crimson imps
  A centaur zombie (D:6)
  A jelly (D:5)
  4 orc priests
  3 hounds
  10 orc wizards
  2 bullfrog skeletons
  6 worker ants
  A worker ant zombie (D:7)
  9 adders
  2 shadow imps
  3 oozes
  3 worms
  2 dart slugs
  3 leopard geckos
  18 orcs
  8 bats
  5 giant cockroaches
  8 goblins
  9 hobgoblins
  16 jackals
  11 kobolds
  3 quokkas (D:3)
  6 frilled lizards
  A jackal zombie (D:5)
  10 rats
  A fungus (D:7)
170 creatures vanquished.

Notes
Turn   | Place    | Note
-------+----------+-------------------------------------------
     0 | D:1      | Banto the High Elf Skald began the quest for the Orb.
     0 | D:1      | Reached XP level 1. HP: 14/14 MP: 4/4
   108 | D:1      | Reached XP level 2. HP: 15/19 MP: 3/6
   127 | D:1      | Reached skill level 3 in Long Blades
   581 | D:1      | Reached XP level 3. HP: 20/24 MP: 7/7
   814 | D:2      | Found a snail-covered altar of Cheibriados.
   823 | D:2      | Found a shadowy altar of Dithmenos.
  1464 | D:2      | Found a bloodstained altar of Trog.
  1728 | D:3      | Reached XP level 4. HP: 27/29 MP: 4/8
  1729 | D:3      | Reached skill level 4 in Long Blades
  1760 | D:3      | Noticed Banto's ghost (amateur HESk)
  2356 | D:3      | Killed Banto's ghost
  2356 | D:3      | Reached skill level 5 in Long Blades
  2356 | D:3      | Reached XP level 5. HP: 27/34 MP: 0/9
  2852 | D:3      | Found a deep blue altar of Sif Muna.
  3029 | D:4      | Found Unocs's Assorted Antiques.
  3041 | D:4      | Bought 2 silvery potions for 55 gold pieces
  3041 | D:4      | Bought a metallic green potion for 27 gold pieces
  3041 | D:4      | Bought a scroll of identify for 62 gold pieces
  3263 | D:4      | Reached XP level 6. HP: 31/39 MP: 5/10
  3274 | D:4      | Reached skill level 5 in Dodging
  3383 | D:4      | Reached skill level 6 in Long Blades
  3634 | D:4      | Noticed drd's ghost (amateur HOFi)
  3686 | D:5      | Entered Level 5 of the Dungeon
  4077 | D:4      | Reached XP level 7. HP: 26/45 MP: 4/11
  4226 | D:5      | Noticed drd's ghost (novice HOFi)
  4264 | D:5      | Reached skill level 7 in Long Blades
  4744 | D:5      | Found Matromp's Armour Shop.
  4785 | D:5      | Found a staircase to the Ecumenical Temple.
  4789 | D:5      | Found an iron altar of Okawaru.
  4795 | D:5      | Became a worshipper of Warmaster Okawaru
  4876 | D:5      | Found a shimmering altar of Xom.
  4901 | Temple   | Entered the Ecumenical Temple
  5027 | D:5      | Learned a level 2 spell: Song of Slaying
  5073 | D:5      | Reached skill level 8 in Long Blades
  5222 | D:5      | Reached XP level 8. HP: 49/50 MP: 9/12
  5416 | D:5      | Found a burning altar of Makhleb.
  5686 | D:6      | Reached * piety under Okawaru
  5686 | D:6      | Reached skill level 9 in Long Blades
  5844 | D:6      | Found a shattered altar of Ashenzari.
  6045 | D:6      | Found a sparkling altar of Nemelex Xobeh.
  6533 | D:6      | Reached skill level 10 in Long Blades
  6756 | D:7      | Reached ** piety under Okawaru
  6756 | D:7      | Reached XP level 9. HP: 47/54 MP: 6/13
  7066 | D:7      | Found a radiant altar of Vehumet.
  7098 | D:7      | Found a stormy altar of Qazlal.
  7114 | D:7      | Found a blossoming altar of Fedhas.
  7629 | D:8      | Noticed Erica
  7634 | D:8      | Learned a level 2 spell: Ensorcelled Hibernation
  7638 | D:8      | Learned a level 3 spell: Confuse
  7686 | D:8      | Killed Erica
  7686 | D:8      | Reached *** piety under Okawaru
  7686 | D:8      | Reached skill level 11 in Long Blades
  7686 | D:8      | Reached skill level 10 in Dodging
  7832 | D:7      | Slain by an orc warrior

Vault maps used:
D:1:      dpeg_arrival_shelter, minmay_tromino_v7
D:2:      grunt_temple_overflow_open, bloody_trog, first_bread
D:3:      tgw_sif
D:4:      serial_shops, shop
D:5:      tgw_xom, marbit_many_paths, okawaru_metal_pillars_3, serial_shops,
          shop_statue
D:6:      ashenzari_conservatory_becter, basic_altar, st_stairs_7
D:7:      grunt_temple_overflow_forces_of_nature, nicolae_overflow_hidden_temple
D:8:      grunt_pizzeria, ashenzari_altar_1, uniq_erica
Temple:   dpeg_three_leaves_temple

Skill      XL: |  1  2  3  4  5  6  7  8  9 |
---------------+----------------------------+-----
Long Blades    | 3 5 6 8 10 11 | 11.4
Dodging        | 2 3 4 5 7 9 10 | 10.5
Fighting       | |  2.0
Armour         | |  0.8
Spellcasting   | |  2.4
Charms         | |  3.6

Action                   |  1- 3 |  4- 6 |  7- 9 || total
-------------------------+-------+-------+-------++-------
Melee: Falchion          |   137 |   159 |   319 ||   615
       Scimitar          |       |       |    28 ||    28
Throw: Tomahawk          |       |       |     2 ||     2
 Cast: Infusion          |    17 |    12 |    22 ||    51
       Song of Slaying   |       |       |     1 ||     1
Evoke: Wand              |       |       |    10 ||    10
  Use: Scroll            |     1 |    11 |    11 ||    23
       Potion            |       |       |     2 ||     2
 Stab: Sleeping          |     1 |       |     2 ||     3
       Distracted        |       |     1 |     1 ||     2
  Eat: Chunk             |     3 |     7 |    13 ||    23
Armor: Leather armour    |    43 |    48 |    51 ||   142
Dodge: Dodged            |    84 |   116 |   209 ||   409
       Rpst.: Falchion   |    22 |    39 |    67 ||   128
       Scimitar          |       |       |     8 ||     8

Table legend:
 A = Turns spent in this place as a percentage of turns spent in the entire game.
 B = Non-inter-level travel turns spent in this place as a percentage of non-inter-level travel turns spent in the entire game.
 C = Inter-level travel turns spent in this place as a percentage of turns spent in this place.
 D = Turns resting spent in this place as a percentage of non-inter-level travel turns spent in this place.
 E = Turns spent auto-exploring this place as a percentage of non-inter-level travel turns spent in this place.
 F = Non-inter-level travel turns spent in this place divided by the number of levels of this place that you've seen.
                   A       B       C       D       E      F
               +-------+-------+-------+-------+-------+----------------------
         Total | 100.0 | 100.0 |   0.8 |   4.2 |  11.2 | 260.6
       Dungeon |  99.8 |  99.8 |   0.8 |   4.1 |  11.2 | 292.6
        Temple |   0.2 |   0.2 |   0.0 | 100.0 |   0.0 |   4.0
               +-------+-------+-------+-------+-------+----------------------

Table legend:
 A = Kills in this place as a percentage of kills in entire the game.
 B = Kills by you in this place as a percentage of kills by you in the entire game.
 C = Kills by friends in this place as a percentage of kills by friends in the entire game.
 D = Other kills in this place as a percentage of other kills in the entire game.
 E = Experience gained in this place as a percentage of experience gained in the entire game.
 F = Experience gained in this place divided by the number of levels of this place that you have seen.
                   A       B       C       D       E      F
               +-------+-------+-------+-------+-------+----------------------
         Total | 100.0 | 100.0 |  -nan |  -nan | 100.0 | 500.3
       Dungeon | 100.0 | 100.0 |  -nan |  -nan | 100.0 | 562.9
               +-------+-------+-------+-------+-------+----------------------
